cohdb
Replays
Latest Replays
All Replays
Popular Replays
Top Player Replays
Match Explorer
How It Works
Community
CoH3 Stats
Reddit
Sign in to upload your games and track your stats! →
Sign in with Steam
Match 46081661
Unlisted
Match 46081661
Overview
Messages
Build Orders
End
Construct Weapon Support Center
M1919 Machine Gun Team
M1919 Machine Gun Team
Construct Barracks
Riflemen Squad
Riflemen Squad
Grenade Package
M1 Mortar Team
Construct Medical Station
Riflemen Squad
Mechanized Support Center
Construct Motor Pool
Bazooka Squad
M8 Greyhound Armored Car
M1 Anti-tank Gun Team
Designate Forward Repair Station
M8 Greyhound Armored Car
Selects Armored Battlegroup
Selects Fast Deploy
Selects Veteran Crews
Selects Field Repairs
Selects Seek and Destroy
M24 Chaffee Light Tank
Riflemen Squad
M1918 Browning Automatic Rifles
M8 Greyhound Armored Car
M24 Chaffee Light Tank
Selects War Machine
Field Repairs
M1 Anti-tank Gun Team
M1 Anti-tank Gun Team
M1 Anti-tank Gun Team
Construct Barracks
Demolidor
Tommo [KSK]
0
0
Comments
sign in to comment!
No comments posted yet!